HSSL
OVERLAND PARK HS TRIPLETS @ SPANISH FORK HS
04/09/2029
 
TOP OF THE 1ST
Overland Park HS Triplets batting - Pitching for Spanish Fork HS : RHP Henry Casey
Pitching: RHP Henry Casey
Batting: LHB Esteban Pérez 0-0: Ball
1-0: Ground out 4-3 (Groundball, 4)
Batting: LHB José Mendoza 0-0: Called Strike
0-1: SINGLE (Flyball, 78S)
Batting: RHB Emery Cooper 0-0: Ball
1-0: Ball
2-0: Ball
3-0: Called Strike
3-1: Foul Ball, location: 2F
3-2: Foul Ball, location: 2F
3-2: Fly out, F7 (Flyball, 7LSF)
Batting: RHB Alex Moran 0-0: Ball
1-0: Ball
2-0: Called Strike
2-1: Called Strike
2-2: Foul Ball, location: 2F
2-2: Strikes out looking
Top of the 1st over - 0 runs, 1 hit, 0 errors, 1 left on base; Overland Park HS 0 - Spanish Fork HS 0
BOTTOM OF THE 1ST
Spanish Fork HS batting - Pitching for Overland Park HS Triplets : RHP Steve Clements
Pitching: RHP Steve Clements
Batting: RHB River Sullivan 0-0: Called Strike
0-1: Swinging Strike
0-2: Ball
1-2: Ball
2-2: Foul Ball, location: 2F
2-2: Foul Ball, location: 2F
2-2: Ball
3-2: Base on Balls
Batting: RHB Thad Bauer 0-0: Called Strike
0-1: Foul Ball, location: 2F
0-2: Strikes out swinging
River Sullivan steals 2nd base
Batter strikes out.
Batting: RHB John Arnold 0-0: Ball
1-0: Swinging Strike
1-1: Fly out, F5 (Popup, 5F)
Batting: RHB Geoffrey Billings 0-0: Ball
1-0: Ball
2-0: Swinging Strike
2-1: Ball
3-1: Foul Ball, location: 2F
3-2: Base on Balls
Batting: RHB David Brady 0-0: Called Strike
0-1: Ball
1-1: Foul Ball, location: 2F
1-2: Ball
2-2: Foul Ball, location: 2F
2-2: Foul Ball, location: 2F
2-2: Ball
3-2: Foul Ball, location: 2F
3-2: Base on Balls
River Sullivan to third
Geoffrey Billings to second
Batting: RHB Octávio Ramérez 0-0: Swinging Strike
0-1: Swinging Strike
0-2: Ball
1-2: Strikes out swinging
Bottom of the 1st over - 0 runs, 0 hits, 0 errors, 3 left on base; Overland Park HS 0 - Spanish Fork HS 0
TOP OF THE 2ND
Overland Park HS Triplets batting - Pitching for Spanish Fork HS : RHP Henry Casey
Batting: RHB Pablo Quintanilla 0-0: Ball
1-0: Ball
2-0: Ball
3-0: Called Strike
3-1: Called Strike
3-2: Fly out, F8 (Flyball, 8LM)
Batting: RHB Eddie Stanton 0-0: Ball
1-0: Ball
2-0: Ball
3-0: Called Strike
3-1: Base on Balls
Batting: RHB Al Kelly 0-0: Ball
1-0: Ball
2-0: Ball
3-0: Base on Balls
Eddie Stanton to second
Batting: SHB John Hansen 0-0: Foul Ball, location: 2F
0-1: Ball
Wild Pitch!
Eddie Stanton to third
Al Kelly to second
1-1: Swinging Strike
1-2: Strikes out looking
Batting: RHB Paco Tapia 0-0: Ball
1-0: Called Strike
1-1: SINGLE (Groundball, 56D)
Eddie Stanton scores
Al Kelly to third
Runner from 3rd tries for Home, SAFE, throw made home
Batting: LHB Esteban Pérez 0-0: Ball
1-0: Ball
2-0: Swinging Strike
2-1: Called Strike
2-2: Strikes out swinging
Top of the 2nd over - 2 runs, 1 hit, 0 errors, 1 left on base; Overland Park HS 2 - Spanish Fork HS 0
BOTTOM OF THE 2ND
Spanish Fork HS batting - Pitching for Overland Park HS Triplets : RHP Steve Clements
Batting: RHB Thomas Hollis 0-0: Ball
1-0: Called Strike
1-1: Ball
2-1: Ball
3-1: Base on Balls
Batting: SHB Iván Flores 0-0: Ball
1-0: Called Strike
1-1: Foul Ball, location: 2F
1-2: Foul Ball, location: 2F
1-2: Strikes out swinging
Batting: RHB Michael MacDonald 0-0: Ball
1-0: Foul Ball, location: 2F
1-1: Foul Ball, location: 2F
1-2: Foul Ball, location: 2F
1-2: Strikes out looking
Batting: RHB River Sullivan 0-0: Ball
1-0: Ball
2-0: Ball
Wild Pitch!
Thomas Hollis to second
3-0: Called Strike
3-1: Base on Balls
Batting: RHB Thad Bauer 0-0: Foul Ball, location: 2F
0-1: Foul Ball, location: 2F
0-2: Ball
1-2: Ground out 1-3 (Groundball, 13)
Bottom of the 2nd over - 0 runs, 0 hits, 0 errors, 2 left on base; Overland Park HS 2 - Spanish Fork HS 0
TOP OF THE 3RD
Overland Park HS Triplets batting - Pitching for Spanish Fork HS : RHP Henry Casey
Batting: LHB José Mendoza 0-0: Called Strike
0-1: Ball
1-1: Ball
2-1: Ball
3-1: SINGLE (Groundball, 34D)
Batting: RHB Emery Cooper 0-0: Fly out, F9 (Line Drive, 9)
Batting: RHB Alex Moran 0-0: Ball
1-0: Ball
2-0: Ball
3-0: Called Strike
3-1: Ground out 6-3 (Groundball, 6S)
José Mendoza to second
Batting: RHB Pablo Quintanilla 0-0: Ball
1-0: Ball
2-0: Ball
3-0: Called Strike
3-1: Foul Ball, location: 2F
3-2: Foul Ball, location: 2F
3-2: Fly out, F8 (Flyball, 89D)
Top of the 3rd over - 0 runs, 1 hit, 0 errors, 1 left on base; Overland Park HS 2 - Spanish Fork HS 0
BOTTOM OF THE 3RD
Spanish Fork HS batting - Pitching for Overland Park HS Triplets : RHP Steve Clements
Batting: RHB John Arnold 0-0: Ball
1-0: Foul Ball, location: 2F
1-1: Ball
2-1: Foul Ball, location: 2F
2-2: Foul Ball, location: 2F
2-2: Foul Ball, location: 2F
2-2: Foul Ball, location: 2F
2-2: Fly out, F7 (Flyball, 7D)
Batting: RHB Geoffrey Billings 0-0: Called Strike
0-1: Ball
1-1: Ball
2-1: Ball
3-1: Base on Balls
Batting: RHB David Brady 0-0: Swinging Strike
0-1: Called Strike
0-2: Foul Ball, location: 2F
0-2: Strikes out looking
Batting: RHB Octávio Ramérez 0-0: SINGLE (Line Drive, 89S)
Geoffrey Billings to second
Runner from 2nd tries for 3rd, SAFE, throw made to third
Batting: RHB Thomas Hollis 0-0: Ball
1-0: Ground out 6-3 (Groundball, 6S)
Bottom of the 3rd over - 0 runs, 1 hit, 0 errors, 2 left on base; Overland Park HS 2 - Spanish Fork HS 0
TOP OF THE 4TH
Overland Park HS Triplets batting - Pitching for Spanish Fork HS : RHP Henry Casey
Batting: RHB Eddie Stanton 0-0: Ball
1-0: Ball
2-0: Foul Ball, location: 2F
2-1: Ball
3-1: Base on Balls
Batting: RHB Al Kelly 0-0: Ball
1-0: Ball
2-0: Foul Ball, location: 2F
2-1: Ball
3-1: SINGLE (Flyball, 9LM)
Eddie Stanton to second
Runner from 2nd tries for 3rd, SAFE, no throw
Batting: SHB John Hansen 0-0: Ball
1-0: Ball
2-0: Called Strike
2-1: Grounds into double play, 3-6-1 (Groundball, 3)
Eddie Stanton scores
Batting: RHB Paco Tapia 0-0: Ball
1-0: SOLO HOME RUN (Flyball, 7LD), Distance : 331 ft
Batting: LHB Esteban Pérez 0-0: Ball
1-0: Ball
2-0: Swinging Strike
2-1: Foul Ball, location: 2F
2-2: SINGLE (Groundball, 4) (infield hit)
Pitching: RHP Stan Townsend
Batting: LHB José Mendoza 0-0: Called Strike
0-1: Swinging Strike
0-2: Ball
Esteban Pérez steals 2nd base
1-2: Ball
2-2: Strikes out swinging
Top of the 4th over - 2 runs, 3 hits, 0 errors, 1 left on base; Overland Park HS 4 - Spanish Fork HS 0
BOTTOM OF THE 4TH
Spanish Fork HS batting - Pitching for Overland Park HS Triplets : RHP Steve Clements
Batting: SHB Iván Flores 0-0: Called Strike
0-1: Called Strike
0-2: Foul Ball, location: 2F
0-2: Ball
1-2: Foul Ball, location: 2F
1-2: Foul Ball, location: 2F
1-2: SINGLE (Line Drive, 6MD)
Pitching: RHP Larry Madden
Batting: RHB Michael MacDonald 0-0: DOUBLE (Line Drive, 9LS)
Iván Flores to third
Batting: RHB River Sullivan 0-0: Called Strike
0-1: DOUBLE (Line Drive, 7D)
Iván Flores scores
Michael MacDonald scores
Batting: RHB Thad Bauer 0-0: Ball
1-0: Ball
2-0: Ball
3-0: Called Strike
3-1: Base on Balls
Batting: RHB John Arnold 0-0: Foul Ball, location: 2F
0-1: Called Strike
0-2: Ball
1-2: Ball
2-2: Foul Ball, location: 2F
2-2: Foul Ball, location: 2F
2-2: Foul Ball, location: 2F
2-2: Grounds into double play, 3-6-3 (Groundball, 34)
River Sullivan to third
Batting: RHB Geoffrey Billings 0-0: Ball
1-0: Called Strike
1-1: Ground out 6-3 (Groundball, 6)
Bottom of the 4th over - 2 runs, 3 hits, 0 errors, 1 left on base; Overland Park HS 4 - Spanish Fork HS 2
TOP OF THE 5TH
Overland Park HS Triplets batting - Pitching for Spanish Fork HS : RHP Stan Townsend
Batting: RHB Emery Cooper 0-0: Ball
1-0: Called Strike
1-1: Swinging Strike
1-2: Ball
2-2: Ball
3-2: Base on Balls
Batting: RHB Alex Moran 0-0: Grounds into double play, 4-6-3 (Groundball, 4)
Batting: RHB Pablo Quintanilla 0-0: Ball
1-0: SINGLE (Groundball, 6S) (infield hit)
Batting: RHB Eddie Stanton 0-0: Foul Ball, location: 2F
0-1: Ball
1-1: 2-RUN HOME RUN (Line Drive, 7D), Distance : 387 ft
Batting: RHB Al Kelly 0-0: Ground out 4-3 (Groundball, 4)
Top of the 5th over - 2 runs, 2 hits, 0 errors, 0 left on base; Overland Park HS 6 - Spanish Fork HS 2
BOTTOM OF THE 5TH
Spanish Fork HS batting - Pitching for Overland Park HS Triplets : RHP Larry Madden
Batting: RHB David Brady 0-0: Ball
1-0: Swinging Strike
1-1: Called Strike
1-2: Strikes out swinging
Batting: RHB Octávio Ramérez 0-0: Fly out, F3 (Popup, 3F)
Batting: RHB Thomas Hollis 0-0: Called Strike
0-1: Foul Ball, location: 2F
0-2: Foul Ball, location: 2F
0-2: Ball
1-2: Fly out, F8 (Line Drive, 8RD)
Bottom of the 5th over - 0 runs, 0 hits, 0 errors, 0 left on base; Overland Park HS 6 - Spanish Fork HS 2
TOP OF THE 6TH
Overland Park HS Triplets batting - Pitching for Spanish Fork HS : RHP Stan Townsend
Batting: SHB John Hansen 0-0: Ball
1-0: Ball
2-0: Ball
3-0: Called Strike
3-1: Base on Balls
Batting: RHB Paco Tapia 0-0: Fly out, F6 (Popup, 6)
Batting: LHB Esteban Pérez 0-0: Fly out, F8 (Line Drive, 8RD)
Batting: LHB José Mendoza 0-0: Ball
1-0: Fly out, F8 (Flyball, 8RXD)
Top of the 6th over - 0 runs, 0 hits, 0 errors, 1 left on base; Overland Park HS 6 - Spanish Fork HS 2
BOTTOM OF THE 6TH
Spanish Fork HS batting - Pitching for Overland Park HS Triplets : RHP Larry Madden
Batting: SHB Iván Flores 0-0: Swinging Strike
0-1: Ball
1-1: Foul Ball, location: 2F
1-2: Ball
2-2: Ball
3-2: Base on Balls
Batting: RHB Michael MacDonald 0-0: Ball
1-0: Foul Ball, location: 2F
1-1: Swinging Strike
1-2: Ball
2-2: Strikes out swinging
Batting: RHB River Sullivan 0-0: Ground out 6-3 (Groundball, 6S)
Iván Flores to second
Batting: RHB Thad Bauer 0-0: Called Strike
0-1: Ball
1-1: Foul Ball, location: 2F
1-2: Ball
2-2: Ball
3-2: Foul Ball, location: 2F
3-2: Base on Balls
Batting: RHB John Arnold 0-0: Ball
1-0: Ball
2-0: Swinging Strike
2-1: Ball
3-1: Base on Balls
Iván Flores to third
Thad Bauer to second
Batting: RHB Geoffrey Billings 0-0: Foul Ball, location: 2F
0-1: Ball
1-1: Swinging Strike
1-2: Foul Ball, location: 2F
1-2: Ball
2-2: Foul Ball, location: 2F
2-2: Strikes out looking
Bottom of the 6th over - 0 runs, 0 hits, 0 errors, 3 left on base; Overland Park HS 6 - Spanish Fork HS 2
TOP OF THE 7TH
Overland Park HS Triplets batting - Pitching for Spanish Fork HS : RHP Stan Townsend
Batting: RHB Emery Cooper 0-0: Ball
1-0: SINGLE (Line Drive, 7)
Batting: RHB Alex Moran 0-0: Ball
1-0: Called Strike
1-1: Ball
2-1: Grounds into double play, 5-4-3 (Groundball, 5)
Batting: RHB Pablo Quintanilla 0-0: Swinging Strike
0-1: Fly out, F9 (Flyball, 9S)
Top of the 7th over - 0 runs, 1 hit, 0 errors, 0 left on base; Overland Park HS 6 - Spanish Fork HS 2
BOTTOM OF THE 7TH
Spanish Fork HS batting - Pitching for Overland Park HS Triplets : RHP Larry Madden
Batting: RHB David Brady 0-0: Called Strike
0-1: Ball
1-1: Ball
2-1: Foul Ball, location: 2F
2-2: Fly out, F9 (Flyball, 9)
Batting: RHB Octávio Ramérez 0-0: Ball
1-0: Ball
2-0: Called Strike
2-1: Swinging Strike
2-2: Foul Ball, location: 2F
2-2: Strikes out looking
Pitching: LHP Mark Jacobs
Batting: RHB Thomas Hollis 0-0: Called Strike
0-1: Called Strike
0-2: Ball
1-2: Foul Ball, location: 2F
1-2: Ball
2-2: Ball
3-2: Ground out 6-3 (Groundball, 6)
Bottom of the 7th over - 0 runs, 0 hits, 0 errors, 0 left on base; Overland Park HS 6 - Spanish Fork HS 2
TOP OF THE 8TH
Overland Park HS Triplets batting - Pitching for Spanish Fork HS : RHP Stan Townsend
Batting: RHB Eddie Stanton 0-0: Called Strike
0-1: Swinging Strike
0-2: Ball
1-2: Strikes out swinging
Batting: RHB Al Kelly 0-0: Called Strike
0-1: Foul Ball, location: 2F
0-2: Foul Ball, location: 2F
0-2: Foul Ball, location: 2F
0-2: Foul Ball, location: 2F
0-2: Ball
1-2: Fly out, F9 (Flyball, 9)
Batting: SHB John Hansen 0-0: Swinging Strike
0-1: Ball
1-1: Ball
2-1: Ball
3-1: Called Strike
3-2: Base on Balls
Batting: RHB Paco Tapia 0-0: Fielders Choice at 2nd, 6-4 (Groundball, 6)
Top of the 8th over - 0 runs, 0 hits, 0 errors, 1 left on base; Overland Park HS 6 - Spanish Fork HS 2
BOTTOM OF THE 8TH
Spanish Fork HS batting - Pitching for Overland Park HS Triplets : LHP Mark Jacobs
Batting: SHB Iván Flores 0-0: Ball
1-0: Foul Ball, location: 2F
1-1: Called Strike
1-2: Strikes out swinging
Batting: RHB Michael MacDonald 0-0: Ball
1-0: Ball
2-0: Called Strike
2-1: Foul Ball, location: 2F
2-2: Foul Ball, location: 2F
2-2: Ball
3-2: Foul Ball, location: 2F
3-2: Base on Balls
Batting: RHB River Sullivan 0-0: Called Strike
0-1: Ball
1-1: Foul Ball, location: 2F
1-2: Fly out, F9 (Flyball, 9LMF)
Batting: RHB Thad Bauer 0-0: Ball
1-0: Called Strike
1-1: SINGLE (Groundball, 56D)
Michael MacDonald to second
Batting: RHB John Arnold 0-0: Called Strike
0-1: Foul Ball, location: 2F
0-2: Ball
1-2: Foul Ball, location: 2F
1-2: Ball
2-2: 3-RUN HOME RUN (Flyball, 78XD), Distance : 398 ft
Pitching: RHP Clint Smith
Batting: RHB Geoffrey Billings 0-0: Called Strike
0-1: Ball
1-1: Swinging Strike
1-2: Foul Ball, location: 2F
1-2: Strikes out swinging
Bottom of the 8th over - 3 runs, 2 hits, 0 errors, 0 left on base; Overland Park HS 6 - Spanish Fork HS 5
TOP OF THE 9TH
Overland Park HS Triplets batting - Pitching for Spanish Fork HS : RHP Stan Townsend
Batting: LHB Esteban Pérez 0-0: Ball
1-0: Swinging Strike
1-1: Ball
2-1: SOLO HOME RUN (Flyball, 9LD), Distance : 332 ft
Pitching: RHP Mike Sinclair
Batting: LHB José Mendoza 0-0: Called Strike
0-1: Ball
1-1: Ball
2-1: Ball
3-1: Foul Ball, location: 2F
3-2: Base on Balls
Batting: RHB Emery Cooper 0-0: Hit by Pitch
José Mendoza to second
Batting: RHB Alex Moran 0-0: Ball
1-0: Foul Ball, location: 2F
1-1: Ball
2-1: Ball
3-1: Foul Ball, location: 2F
3-2: DOUBLE (Flyball, 9D)
José Mendoza scores
Emery Cooper to third
Batting: RHB Pablo Quintanilla 0-0: Ball
1-0: SINGLE (Groundball, 56)
Emery Cooper scores
Alex Moran to third
Batting: RHB Eddie Stanton 0-0: Ball
1-0: Called Strike
1-1: Ball
2-1: SINGLE (Groundball, 56) (infield hit)
Alex Moran scores
Pablo Quintanilla to second
Batting: RHB Al Kelly 0-0: Grounds into double play, 4-6-3 (Groundball, 4)
Pablo Quintanilla to third
Batting: SHB John Hansen 0-0: Ground out 6-3 (Groundball, 6)
Top of the 9th over - 4 runs, 4 hits, 0 errors, 1 left on base; Overland Park HS 10 - Spanish Fork HS 5
BOTTOM OF THE 9TH
Spanish Fork HS batting - Pitching for Overland Park HS Triplets : RHP Clint Smith
Now in RF: Carson Doss
Batting: RHB David Brady 0-0: Ball
1-0: Called Strike
1-1: SINGLE (Line Drive, 8RS)
Batting: RHB Octávio Ramérez 0-0: Called Strike
0-1: Called Strike
0-2: Strikes out swinging
Batting: RHB Thomas Hollis 0-0: Called Strike
0-1: Called Strike
0-2: Ball
1-2: Strikes out swinging
Batting: SHB Iván Flores 0-0: Ball
1-0: DOUBLE (Flyball, 89D)
David Brady to third
Batting: RHB Michael MacDonald 0-0: Called Strike
0-1: Ball
1-1: Ball
2-1: DOUBLE (Flyball, 9D)
David Brady scores
Iván Flores scores
Pitching: RHP Ray Taylor
Batting: RHB River Sullivan 0-0: Ball
1-0: Foul Ball, location: 2F
1-1: Swinging Strike
1-2: Ball
2-2: Strikes out looking
Bottom of the 9th over - 2 runs, 3 hits, 0 errors, 1 left on base; Overland Park HS 10 - Spanish Fork HS 7
Saturday, December 16th, 2017 - OOTP Baseball 18.8 Build 76